 Dungeon Crawl Stone Soup version 0.27-a0-1529-g1e82c303ef (webtiles) character file.

Game seed: 10543607114854782912

2 FessEmpty the Sneak (level 1, 0/14 HPs)
             Began as an Octopode Brigand on July 12, 2021.
             Slain by a quokka (1 damage)
             ... on level 1 of the Dungeon.
             The game lasted 00:01:53 (183 turns).

FessEmpty the Sneak (Octopode Brigand)               Turns: 183, Time: 00:01:54

Health: 0/14       AC:  1    Str: 10    XL:     1   Next: 40%
Magic:  1/1        EV: 12    Int: 13    God:
Gold:   0          SH:  0    Dex: 13    Spells: 0/0 levels left

rFire    . . .     SeeInvis .   a - +2 dagger
rCold    . . .     Faith    .   (no shield)
rNeg     . . .     Spirit   .   (helmet restricted)
rPois    .         Reflect  .   (no amulet)
rElec    .         Harm     .   (no ring)
rCorr    .         Rampage  .   (no ring)
Will     .....                  (no ring)
Stlth    ++++......             (no ring)
HPRegen  0.04/turn              (no ring)
MPRegen  0.07/turn              (no ring)
                                (no ring)
                                (no ring)

@: no status effects
A: almost no armour, amphibious, 8 rings, camouflage 1, gelatinous body 1,
(nimble swimmer 1), tentacles
a: no special abilities


You were on level 1 of the Dungeon.
You visited 1 branch of the dungeon, and saw 1 of its levels.

Inventory:

Hand Weapons
 a - a +2 dagger (weapon)
Missiles
 b - 8 poisoned darts (quivered)
 c - 2 curare-tipped darts
Scrolls
 d - a scroll of holy word {unknown}


   Skills:
 - Level 2.0 Fighting
 + Level 2.1 Short Blades
 - Level 2.0 Throwing
 + Level 1.1 Dodging
 + Level 5.3 Stealth


You couldn't memorise any spells.
You didn't know any spells.
Your spell library contained the following spells:

 Spells                   Type           Power      Damage    Failure   Level
 Ensorcelled Hibernation  Hex/Ice        0%         N/A       43%         2
 Spider Form              Tmut/Pois      0%         N/A       67%         3
 Shadow Creatures         Summ           N/A        N/A       100%        6


Dungeon Overview and Level Annotations

Branches:
Dungeon (1/15)

Altars:


Innate Abilities, Weirdness & Mutations

You cannot wear most types of armour.
You are amphibious.
You can wear up to eight rings at the same time.
Your skin changes colour to match your surroundings (Stealth+).
Your rubbery body absorbs attacks. (AC +1, EV +1)
((You are camouflaged near water. (Stealth+)))
You have tentacles for arms and can constrict up to eight enemies at once.


Message History

Welcome, FessEmpty the Octopode Brigand.
Will you prevail where others failed? Will you find the Orb of Zot?
Press ? for a list of commands and other information.
Found a book of Dreams.
Found a staircase leading out of the dungeon.
You pick up a book of Dreams and begin reading...
You add the spells Ensorcelled Hibernation, Spider Form and Shadow Creatures to your library.
You aren't carrying any pieces of jewellery.
You start waiting.
Done waiting.
Okay, then.
You open the door.
There is an open door here.
You open the door.
There is an open door here.
A frilled lizard and a quokka come into view.
The frilled lizard hisses angrily.
The frilled lizard unfolds its giant frill.
Enter note: q
Enter note: Unknown command.
You aren't carrying any scrolls.
You aren't carrying any potions.
Unknown command.
Unknown command.
Unknown command.
Enter note: Welcome back, FessEmpty the Octopode Brigand.
Press ? for a list of commands and other information.
You closely miss the frilled lizard. Your grab misses the frilled lizard.
You hit the frilled lizard.
You kill the frilled lizard!
You hit the quokka.
You kill the quokka!
You don't know any spells.
d - a scroll labelled BIUROC ICOT VOSUKY A frilled lizard comes into view.
You throw a poisoned dart.
The poisoned dart hits the frilled lizard.
The frilled lizard is poisoned.
The frilled lizard hisses angrily.
You kill the frilled lizard!
A ball python comes into view.
b - 8 poisoned darts (gained 1)
A quokka and a dart slug come into view.
A bat comes into view.
The quokka bites you.
You hit the quokka. Your grab misses the quokka.
The quokka is moderately wounded.
The quokka closely misses you.
You closely miss the quokka. Your grab misses the quokka.
The quokka is moderately wounded.
The quokka bites you.
You closely miss the quokka. Your grab misses the quokka.
The quokka is moderately wounded.
The quokka bites you.
* * * LOW HITPOINT WARNING * * *
The quokka bites you.
* * * LOW HITPOINT WARNING * * *
The quokka bites you.
You die...

...... #.# #....##
w.##.# #.# #.###.#
#b##.# ##.# #.# #.#
#.##.# #..# #.###.#
#.##.# #.## #....##
#....# #.# #.#.##
####.# #.# #.#.#
#.########.######.#.##
#...br@..............#
#..#####.#####.#####.#
#...# #.# #.#...#.#
...... ..# #.'...#.#
#####... ...#
#.#...#.#
.#......##+##.#####.#
# #.................#
.#....#####.##+##.#
#...#.#


You could see a quokka and a bat.

Vanquished Creatures
  A quokka (D:1)
  2 frilled lizards (D:1)
3 creatures vanquished.

Notes
Turn   | Place    | Note
-------+----------+-------------------------------------------
     0 | D:1      | FessEmpty the Octopode Brigand began the quest for the Orb.
     0 | D:1      | Reached XP level 1. HP: 14/14 MP: 1/1
   116 | D:1      | q
   183 | D:1      | Slain by a quokka

Illustrated notes

.# r# .# l. .#
.#
###.######.#.##
.........@....#
.#####.#####.#
#.#...# #.'...#
#.#...#
..##+##.#####.#
..............#
..#####.##+##.#
#...#.#


Turn 116 on D:1: q

Levels and vault maps discovered:
D:1:      minmay_arrival_four_houses, layout_loops_ring,
          shapermc_ecumenical_altar_rom_forum

Action                   || total
-------------------------++-------
Melee: Dagger            ||     6
Throw: Dart              ||     1
Dodge: Dodged            ||     1

Table legend: (Time is in decaauts)
 A = Elapsed time spent in this place.
 B = Non-inter-level travel time spent in this place.
 C = Inter-level travel time spent in this place.
 D = Time resting spent in this place.
 E = Time spent auto-exploring this place.
 F = Levels seen in this place.
 G = Mean time per level.
                   A        B        C        D        E       F      G
               +--------+--------+--------+--------+--------+-----+--------+
         Total |    182 |    182 |      0 |    100 |     47 |   1 |  182.0 |
       Dungeon |    182 |    182 |      0 |    100 |     47 |   1 |  182.0 |
               +--------+--------+--------+--------+--------+-----+--------+

Top non-repeatable levels by time:
     D:1: 182 daAuts
